 Dungeon Crawl Stone Soup version 0.31-a0-210-gccc998df9b (webtiles) character file.

Game seed: 18018783382501224671

511 Demosthentine the Ducker (level 6, -11/48 HPs)
             Began as a Demonspawn Gladiator on July 1, 2023.
             Mangled by 123456's ghost (14 damage)
             ... on level 3 of the Dungeon.
             The game lasted 00:03:45 (2622 turns).

Demosthentine the Ducker (Demonspawn Gladiator)     Turns: 2622, Time: 00:03:46

Health: -11/48     AC:  7    Str: 17    XL:     6   Next: 99%
Magic:  6/6        EV: 13    Int:  9    God:
Gold:   452        SH:  0    Dex: 14    Spells: 5/5 levels left

rFire   . . .        a - +0 trident
rCold   . . .        (no shield)
rNeg    . . .        b - +0 leather armour
rPois   .            c - +1 helmet
rElec   .            (no cloak)
rCorr   .            (no gloves)
SInv    .            (no boots)
Will    .....        (no amulet)
Stlth   +            (no ring)
HPRegen 0.28/turn    (no ring)
MPRegen 0.10/turn

%: no passive effects
@: weak-willed
A: hooves 1, icy blue scales 1, demonic guardian 1, powered by death 1
a: no special abilities


You were on level 3 of the Dungeon.
You visited 1 branch of the dungeon, and saw 3 of its levels.

You collected 452 gold pieces.

Inventory:

Hand Weapons
 a - a +0 trident (weapon)
Missiles
 d - a throwing net (quivered)
 e - a javelin
 m - 6 silver boomerangs
 n - 8 poisoned darts
 p - 3 boomerangs
Armour
 b - a +0 leather armour (worn)
 c - a +1 helmet (worn)
Jewellery
 g - a ring of willpower
Scrolls
 f - a scroll of enchant armour
 l - a scroll of teleportation
Potions
 i - a potion of ambrosia
 j - 4 potions of curing
 o - a potion of degeneration {unknown}
 r - a potion of magic {unknown}


   Skills:
 + Level 4.1 Fighting
 + Level 4.2 Polearms
 - Level 1.7 Throwing
 + Level 3.1 Armour
 + Level 4.2 Dodging


You had 5 spell levels left.
You didn't know any spells.
Your spell library contained the following spells:

 Spells                   Type           Power      Damage    Failure   Level
 Kiss of Death            Conj/Necr      0%         2d5       43%         1
 Confusing Touch          Hex            0%         N/A       82%         3
 Dispel Undead            Necr           0%         3d6       99%         4


Dungeon Overview and Level Annotations

Branches:
Dungeon (3/15)

Altars:
Makhleb
Trog
Uskayaw

Annotations:
D:3 1 transporter, 123456's ghost, amateur MiFi


Innate Abilities, Weirdness & Mutations

You have large cloven feet.
You are partially covered in icy blue scales. (AC +2)
A weak demonic guardian rushes to your aid.
You regenerate a little health from kills.


Message History

123456's ghost is severely damaged. 123456's ghost whispers, "There is no future for you." 123456's ghost hits you!
* * * LOW HITPOINT WARNING * * *
A demonic guardian appears!
You feel much better. 123456's ghost hits you but does no damage.
Your shadow imp hits 123456's ghost.
You hit 123456's ghost. 123456's ghost is severely damaged. 123456's ghost misses you.
Your shadow imp misses 123456's ghost.
You barely miss 123456's ghost.
You kick 123456's ghost, but do no damage. 123456's ghost is severely damaged. 123456's ghost hits you!
Your shadow imp hits 123456's ghost but does no damage.
You barely miss 123456's ghost.
You kick 123456's ghost, but do no damage. 123456's ghost is severely damaged. 123456's ghost hits you but does no damage.
Your shadow imp hits 123456's ghost but does no damage.
You hit 123456's ghost but do no damage.
Your kick misses 123456's ghost. 123456's ghost is severely damaged. 123456's ghost barely misses you.
Your shadow imp hits 123456's ghost but does no damage.
You hit 123456's ghost. 123456's ghost is severely damaged. 123456's ghost hits you.
Your shadow imp hits 123456's ghost but does no damage.
You hit 123456's ghost but do no damage. 123456's ghost is severely damaged. 123456's ghost hits you.
Your shadow imp hits 123456's ghost.
You barely miss 123456's ghost.
Your kick misses 123456's ghost. 123456's ghost is almost destroyed. 123456's ghost hits you!
* * * LOW HITPOINT WARNING * * *
Your shadow imp hits 123456's ghost but does no damage. 123456's ghost hits you!
You die...

############...#.####...#
#...#©.....#...#..##..#..
#.###..##..#...##.#..###.
#.# #.#..#.#...##.#...#..
#.# #.#..#.#..###.#.#...#
#.# #..##.$#©..)..#.##.##
#.# #©..W.$#......#.##.##
#.# #.)##..#©....##.##...
#.# #.#W@#.#..#.........#
#.# #.#5.#.#........####.
#.# #..##..#..#.##### ##
#.# #......#....# # #.#
########)...######### #.#
#..#...[..##....... #.#
#.........##.###### #.#
#............# # #.#
####......#########


You could see 123456's ghost (ally target) and a friendly shadow imp (summoned).

Vanquished Creatures
  2 ogres (D:3)
  Natasha (twice) (D:3)
  Robin (D:3)
  2 adders
  A gnoll (D:1)
  A worm (D:2)
  3 dart slugs
  4 orcs
  7 ball pythons
  6 bats
  5 endoplasms
  5 giant cockroaches
  9 goblins
  12 hobgoblins
  4 jackals (D:1)
  4 kobolds
  A quokka (D:1)
  4 frilled lizards
  7 rats
80 creatures vanquished.

Vanquished Creatures (collateral kills)
  Sigmund (D:3)
  A worm (D:2)
  2 jackals (D:2)
4 creatures vanquished.

Grand Total: 84 creatures vanquished

Notes
Turn   | Place    | Note
-------+----------+-------------------------------------------
     0 | D:1      | Demosthentine the Demonspawn Gladiator began the quest for
                  | the Orb.
     0 | D:1      | Reached XP level 1. HP: 16/16 MP: 1/1
    75 | D:1      | Gained mutation: A weak demonic guardian rushes to your
                  | aid. [demonic ancestry]
    75 | D:1      | Reached XP level 2. HP: 22/22 MP: 2/2
   378 | D:1      | Reached skill level 1 in Armour
   418 | D:1      | Gained mutation: You have large cloven feet. [demonic
                  | ancestry]
   418 | D:1      | Reached XP level 3. HP: 25/28 MP: 3/3
   673 | D:1      | Identified a scroll of acquirement
   673 | D:1      | Acquired 284 gold pieces
  1057 | D:2      | Found a faded altar of an unknown god.
  1141 | D:2      | Gained mutation: You are partially covered in icy blue
                  | scales. (AC +2) [demonic ancestry]
  1141 | D:2      | Reached XP level 4. HP: 30/34 MP: 4/4
  1908 | D:3      | Found a transporter.
  1908 | D:3      | Noticed 123456's ghost (amateur MiFi)
  1909 | D:3      | Noticed an ogre
  1910 | D:3      | Found a transporter.
  1913 | D:3      | Identified the +4 great mace "Ixkogupo" {drain, rPois Will-
                  | Str+2 Dex+4}
  1913 | D:3      | Noticed an ogre
  1992 | D:3      | Found a bloodstained altar of Trog.
  1992 | D:3      | Found a burning altar of Makhleb.
  1995 | D:3      | Found a hide-covered altar of Uskayaw.
  2011 | D:3      | Noticed Sigmund
  2018 | D:3      | Killed Sigmund
  2019 | D:3      | Gained mutation: You regenerate a little health from kills.
                  | [demonic ancestry]
  2019 | D:3      | Reached XP level 5. HP: 27/41 MP: 5/5
  2019 | D:3      | Reached XP level 6. HP: 31/47 MP: 6/6
  2125 | D:3      | Noticed Natasha
  2133 | D:3      | Killed Natasha
  2348 | D:3      | Noticed Robin
  2360 | D:3      | Killed Robin
  2469 | D:3      | Noticed Natasha
  2475 | D:3      | Killed Natasha
  2622 | D:3      | Mangled by 123456's ghost

Illustrated notes

Levels and vault maps discovered:
D:1:      tarquinn_simple_flora_water_a, layout_rooms
D:2:      layout_basic, shapermc_ecumenical_altar_starsandcircs,
          grunt_decor_arrowhead, minmay_pentomino_z4
D:3:      layout_loops_ring, chequers_temple_overflow_statue_of_worship,
          gammafunk_ghost_smash, kennysheep_path_1, uniq_sigmund, uniq_natasha,
          uniq_robin

Skill      XL: |  1  2  3  4  5  6 |
---------------+-------------------+-----
Polearms       | 3 4 |  4.2
Armour         | 1 2 3 |  3.1
Dodging        | 3 4 |  4.2
Fighting       | 3 4 |  4.1
Throwing       | |  1.7

Action                     |  1- 3 |  4- 6 || total
---------------------------+-------+-------++-------
  Melee: Trident           |   123 |   132 ||   255
         Punch             |     2 |     2 ||     4
         Kick              |    14 |    32 ||    46
  Throw: Throwing net      |       |     3 ||     3
    Use: Scroll            |     5 |     7 ||    12
         Potion            |       |     3 ||     3
   Stab: Sleeping          |       |     4 ||     4
         Held in net/web   |       |     2 ||     2
         Invisible         |       |     1 ||     1
 Armour: Leather armour    |    29 |    27 ||    56
  Dodge: Dodged            |    67 |    61 ||   128

Table legend: (Time is in decaauts)
 A = Elapsed time spent in this place.
 B = Non-inter-level travel time spent in this place.
 C = Inter-level travel time spent in this place.
 D = Time resting spent in this place.
 E = Time spent auto-exploring this place.
 F = Levels seen in this place.
 G = Mean time per level.
                   A        B        C        D        E       F      G
               +--------+--------+--------+--------+--------+-----+--------+
         Total |   2656 |   2656 |      0 |      0 |   2018 |   3 |  885.3 |
       Dungeon |   2656 |   2656 |      0 |      0 |   2018 |   3 |  885.3 |
               +--------+--------+--------+--------+--------+-----+--------+

Top non-repeatable levels by time:
     D:2: 1021 daAuts
     D:3: 944 daAuts
     D:1: 690 daAuts
